AoeStats
← zelvos

Nomad

504629767Analyzed
4v4 RM · 26d ago on Sep 6, 2026· 53m 1s· 8 players
Game mode
Random Map
Map size
231×231
Population
200
Speed
Normal
Resources
Standard
Victory
Conquest
Starting age
Dark Age
Ending age
Imperial Age
RankedLock teamsTeams togetherTeam positionsShared explorationLock speedFull tech treeHidden civsTurbo modeCheats
Victory
Defeat
🇪🇸 Portuguese · Spain
1067
+15
🇺🇸 Inca · United States
993
+18
🇺🇸 Huns · United States
985
+18
🇺🇸 Japanese · United States
928
+20
🇺🇸 Koreans · United States
1055
-19
1041
-18
🇨🇦 Byzantines · Canada
1029
-18
🇺🇸 Japanese · United States
996
-16
LordWhile
4:49 Loom
14:25 Feudal Age
19:17 Fishing Lines
24:24 Castle Age
23:13 Stone Mining
23:14 Gold Mining
26:40 Double-Bit Axe
28:06 Wheelbarrow
31:33 Bow Saw
41:14 Gold Shaft Mining
40:57 Hand Cart
41:55 Scale Barding Armor
Alpha
16:41 Feudal Age
30:38 Castle Age
31:10 Double-Bit Axe
35:46 Bow Saw
36:02 Fishing Lines
36:52 Gillnets
40:11 Wheelbarrow
42:34 Hand Cart
43:54 Gold Mining
47:26 Imperial Age
45:41 Town Watch
47:11 Scale Barding Armor
47:09 Scale Mail Armor
47:19 Forging
47:12 Squires
46:33 Pikeman
47:45 Elite Samurai
48:59 Conscription
52:23 Ballistics
ManoS_Sucias
7:10 Loom
18:59 Feudal Age
19:35 Man-at-Arms
19:43 Man-at-Arms
26:14 Double-Bit Axe
29:10 Castle Age
27:26 Fletching
28:21 Town Watch
29:11 Wheelbarrow
29:35 Forging
29:46 Pikeman
34:10 Hand Cart
36:06 Gambesons
36:34 Scale Mail Armor
40:06 Long Swordsman
42:22 Bow Saw
43:01 Ballistics
43:29 Scale Barding Armor
43:52 Squires
45:21 Bodkin Arrow
44:49 Crossbowman
如果智慧有颜色
3:55 Loom
15:22 Feudal Age
17:16 Gold Mining
17:43 Fletching
18:32 Double-Bit Axe
24:20 Fishing Lines
29:14 Town Watch
30:59 Wheelbarrow
33:28 Castle Age
31:30 Stone Mining
34:53 Bow Saw
35:26 Gillnets
35:48 Medium Warships
39:39 Imperial Age
38:01 Murder Holes
38:17 Masonry
41:16 Imperial Age
39:36 Cilician Fleet
41:14 Bodkin Arrow
41:45 Ballistics
42:42 Heavy Warships
43:31 Gold Shaft Mining
43:23 Bracer
44:27 Chemistry
43:40 Careening
43:41 Clinker Construction
45:44 Hand Cart
47:03 Town Patrol
Alaresun
12:47 Loom
15:25 Feudal Age
15:59 Double-Bit Axe
16:12 Horse Collar
17:25 Forging
17:07 Fletching
17:16 Gold Mining
17:18 Stone Mining
19:04 Man-at-Arms
19:47 Scale Mail Armor
21:08 Wheelbarrow
21:05 Arson
27:01 Castle Age
28:18 Bodkin Arrow
29:06 Murder Holes
28:52 Treadmill Crane
29:29 Squires
31:04 Ballistics
31:49 Iron Casting
31:18 Heavy Plow
32:23 Masonry
33:10 Hand Cart
36:39 Chain Mail Armor
37:04 Fortified Wall
36:45 Guard Tower
38:30 Yasama
43:45 Imperial Age
44:06 Town Watch
45:06 Conscription
44:21 Capped Ram
45:29 Onager
48:14 Siege Engineers
49:39 Chemistry
48:55 Elite Samurai
51:18 Blast Furnace
50:49 Plate Mail Armor
52:09 Bracer
zelvos
23:34 Feudal Age
30:02 Castle Age
28:08 Horse Collar
28:16 Double-Bit Axe
28:30 Stone Mining
30:17 Scale Mail Armor
31:13 Heavy Plow
31:26 Bow Saw
31:46 Pikeman
32:39 Forging
32:23 Gold Mining
34:05 Wheelbarrow
34:47 Loom
35:44 Gold Shaft Mining
36:45 Hand Cart
37:59 Stone Shaft Mining
37:32 Squires
38:56 Andean Sling
40:07 Chain Mail Armor
40:27 Iron Casting
41:39 Caravan
44:30 Town Watch
47:40 Iron Casting
50:43 Imperial Age
50:46 Elite Kamayuk
52:06 Crop Rotation
53:36 Fabric Shields
53:59 Conscription
Waj
11:22 Loom
11:31 Loom
16:01 Feudal Age
20:25 Forging
20:21 Scale Barding Armor
27:05 Castle Age
27:54 Bloodlines
30:24 Husbandry
38:40 Wheelbarrow
39:35 Marauders
39:32 Horse Collar
42:34 Iron Casting
42:13 Double-Bit Axe
45:30 Hand Cart
47:46 Imperial Age
46:52 Bow Saw
47:35 Chain Barding Armor
48:32 Elite Tarkan
49:35 Conscription
50:52 Blast Furnace
52:00 Heavy Plow
51:53 Gold Mining
54:02 Plate Barding Armor
ramis7_7
5:21 Loom
13:34 Feudal Age
14:02 Fishing Lines
15:13 Town Watch
16:04 Double-Bit Axe
23:17 Castle Age
24:22 Bow Saw
24:52 Wheelbarrow
25:01 Medium Warships
24:44 Gillnets
25:50 Hand Cart
25:51 Gold Mining
25:51 Stone Mining
29:31 Fletching
30:20 Forging
30:33 Ballistics
31:04 Clinker Construction
31:06 Careening
32:00 Bodkin Arrow
32:14 Scale Mail Armor
32:49 Iron Casting
34:33 Iron Casting
34:13 Chain Mail Armor
33:22 Pikeman
33:47 Arson
33:53 Horse Collar
34:59 Circumnavigation
35:19 Padded Archer Armor
35:03 Treadmill Crane
36:08 Murder Holes
40:14 Imperial Age
37:59 Masonry
40:48 Stone Shaft Mining
40:41 Town Patrol
40:31 Halberdier
41:16 Bracer
41:31 Leather Archer Armor
42:20 Blast Furnace
41:50 Plate Mail Armor
41:29 Siege Engineers
42:28 Chemistry
43:15 Architecture
43:59 Two-Man Saw
43:07 Heavy Plow
44:35 Elite Caravel
45:46 Dry Dock
45:48 Carvel Hull
46:07 Crop Rotation
46:50 Conscription
46:33 Arquebus
47:04 Leather Archer Armor
46:26 Elite Organ Gun
Connection lost

Rejoining the realm…

Still unreachable

The connection could not be restored.

Session expired

The server has moved on; the page needs a fresh start.